 Dungeon Crawl Stone Soup version 0.29.0-4-gdea44cf6ec (webtiles) character file.

Game seed: 760206318956771624

36 qw the Caller (level 3, -6/29 HPs)
             Began as a Ghoul Summoner on Sept 10, 2022.
             Mangled by Sigmund
             ... wielding a +0 scythe
              (7 damage)
             ... on level 2 of the Dungeon.
             The game lasted 00:00:46 (3509 turns).

qw the Caller (Ghoul Summoner)                      Turns: 3509, Time: 00:00:47

Health: -6/29      AC:  5    Str: 13    XL:     3   Next: 37%
Magic:  0/4        EV: 10    Int: 10    God:
Gold:   56         SH:  0    Dex:  9    Spells: 4/5 levels left

rFire   . . .      SeeInvis .   a - +0 rapier
rCold   + . .      Faith    .   (no shield)
rNeg    + + +      Spirit   .   c - +0 ring mail
rPois   inf        Reflect  .   (no helmet)
rElec   .          Harm     .   (no cloak)
rCorr   .          Rampage  .   (no gloves)
Will    .....                   (no boots)
Stlth   +.........              (no amulet)
HPRegen 0.00/turn               (no ring)
MPRegen 0.09/turn               (no ring)

@: inhibited regen
A: claws 1, cold resistance 1, negative energy resistance 3, inhibited
regeneration, torment resistance 2, devour on kill
a: no special abilities


You were on level 2 of the Dungeon.
You visited 1 branch of the dungeon, and saw 2 of its levels.

You collected 56 gold pieces.


Innate Abilities, Weirdness & Mutations

You are immune to poison.
You have sharp fingernails.
Your flesh is cold resistant. (rC+)
You are immune to negative energy. (rN+++)
You do not regenerate when monsters are visible.
You are immune to unholy pain and torment.
You thrive by killing the living.


   Skills:
 + Level 1.8 Fighting
 - Level 2.0 Axes
 - Level 1.7 Dodging
 - Level 2.1 Stealth
 - Level 1.7 Spellcasting
 - Level 3.6 Summonings


You had 4 spell levels left.
You knew the following spells:

 Your Spells              Type           Power      Damage    Failure   Level
a - Summon Small Mammal   Summ           32%        N/A       16%         1

Your spell library contained the following spells:

 Spells                   Type           Power      Damage    Failure   Level
 Call Imp                 Summ           8%         N/A       24%         2
 Call Canine Familiar     Summ           8%         N/A       43%         3
 Summon Guardian Golem    Hex/Summ       4%         N/A       71%         3
 Summon Lightning Spire   Summ/Air       4%         N/A       98%         4

Inventory:

Hand Weapons
 a - a +0 rapier (weapon)
Armour
 c - a +0 ring mail (worn)
Scrolls
 b - a scroll of brand weapon {unknown}
 d - a scroll of identify {unknown}
 g - a scroll of magic mapping {unknown}
 i - a scroll of noise {unknown}
Potions
 e - a potion of resistance {unknown}
 f - a potion of curing {unknown}
 h - a potion of might {unknown}

Dungeon Overview and Level Annotations

Branches:
Dungeon (2/15)

Altars:

Shops:
D:2 [

Annotations:
D:2 Sigmund


Message History

Confirm with . or Enter, or press ? or * to list all spells.
Your bat disappears in a puff of smoke!
Something hits you!
Your rat misses something.
3503 ||| CASTING Summon Small Mammal
Casting: Summon Small Mammal (safe; 16% risk of failure)
Confirm with . or Enter, or press ? or * to list all spells.
Your rat disappears in a puff of smoke!
The quokka twitches its whiskers.
You swap places.
Your bat hits something but does no damage.
Something hits you but does no damage.
Your bat barely misses something.
3505 ||| CASTING Summon Small Mammal
Casting: Summon Small Mammal (safe; 16% risk of failure)
Confirm with . or Enter, or press ? or * to list all spells.
Your bat disappears in a puff of smoke!
Your bat hits something.
You hear some strange, mumbled words.
Something tries to affect you, but you resist.
You hit the dart slug.
You claw the dart slug, but do no damage.
The dart slug is moderately wounded.
The quokka bites your bat.
Your bat dies!
Your bat's corpse disappears in a puff of smoke!
The dart slug bites you but does no damage.
Something hits you but does no damage.
Your rat bites the dart slug.
You hit the dart slug.
The dart slug is heavily wounded.
The dart slug bites you but does no damage.
Your rat barely misses the dart slug.
The quokka bites you but does no damage.
Something hits you!
You hit the dart slug.
The dart slug is almost dead.
The quokka bites you.
Your rat bites the dart slug.
The dart slug dies!
You barely miss the quokka.
The quokka bites you but does no damage.
Something hits you!
You die...

#......... # #.........
##. #......... ##..
#?....... #P.. #......#
##.. #......# ####...
#######r.....#####......
......%@.....7..........
......{r....7.7.........
...........7.%.7.#......
....######7..\..7#......
... #.7...7......## ..
#..7.7..##..## .
#...7...##..#
#####.###...### .#
#.#.#..


You could see a quokka (ally target) and a friendly rat (summoned).

Vanquished Creatures
  2 dart slugs (D:1)
  2 endoplasms (D:1)
  3 goblins (D:1)
  A kobold (D:1)
  A quokka (D:1)
  2 ball pythons
  A bat (D:2)
  A frilled lizard (D:2)
  2 rats (D:1)
15 creatures vanquished.

Vanquished Creatures (collateral kills)
  A dart slug (D:2)
  5 ball pythons
  An endoplasm (D:2)
  A giant cockroach (D:1)
  A goblin (D:2)
  A quokka (D:1)
  A frilled lizard (D:1)
  2 rats (D:1)
13 creatures vanquished.

Vanquished Creatures (others)
  5 demonic plants (D:1)
  A fungus (D:1)
  2 plants (D:1)
  3 withered plants (D:1)
11 creatures vanquished.

Grand Total: 39 creatures vanquished

Notes
Turn   | Place    | Note
-------+----------+-------------------------------------------
     0 | D:1      | qw the Ghoul Summoner began the quest for the Orb.
     0 | D:1      | Reached XP level 1. HP: 14/14 MP: 2/2
     0 | D:1      | 0 ||| qw: Version: 0.1-a-116-g5d60599
     0 | D:1      | 0 ||| qw: Game counter: 7655
     0 | D:1      | 0 ||| qw: Always use a shield: true
     0 | D:1      | 0 ||| qw: God list: Okawaru
     0 | D:1      | 0 ||| qw: Allow faded altars: false
     0 | D:1      | 0 ||| qw: Do Orc after D:15 true
     0 | D:1      | 0 ||| qw: Do second Lair branch before Depths: true
     0 | D:1      | 0 ||| qw: Lair rune preference: random
     0 | D:1      | 0 ||| qw: Plans: Normal
     0 | D:1      | 0 ||| PLANNING D:1-11
    49 | D:1      | 49 ||| CASTING Summon Small Mammal
    50 | D:1      | 50 ||| CASTING Summon Small Mammal
    80 | D:1      | Found a faded altar of an unknown god.
    88 | D:1      | 88 ||| CASTING Summon Small Mammal
    89 | D:1      | 89 ||| CASTING Summon Small Mammal
   132 | D:1      | 132 ||| CASTING Summon Small Mammal
   133 | D:1      | 133 ||| CASTING Summon Small Mammal
   162 | D:1      | 162 ||| CASTING Summon Small Mammal
   163 | D:1      | 163 ||| CASTING Summon Small Mammal
   175 | D:1      | 175 ||| CASTING Summon Small Mammal
   180 | D:1      | Reached skill level 1 in Axes
   293 | D:1      | 293 ||| Wielding weapon +0 whip.
   304 | D:1      | 304 ||| CASTING Summon Small Mammal
   305 | D:1      | 305 ||| CASTING Summon Small Mammal
   315 | D:1      | Reached XP level 2. HP: 21/22 MP: 0/3
   394 | D:1      | 394 ||| Stepping ~*~*~tactically~*~*~ (hiding).
   496 | D:1      | 496 ||| Stepping ~*~*~tactically~*~*~ (hiding).
   598 | D:1      | 598 ||| Stepping ~*~*~tactically~*~*~ (hiding).
   700 | D:1      | 700 ||| Stepping ~*~*~tactically~*~*~ (hiding).
   802 | D:1      | 802 ||| Stepping ~*~*~tactically~*~*~ (hiding).
   904 | D:1      | 904 ||| Stepping ~*~*~tactically~*~*~ (hiding).
  1006 | D:1      | 1006 ||| Stepping ~*~*~tactically~*~*~ (hiding).
  1108 | D:1      | 1108 ||| Stepping ~*~*~tactically~*~*~ (hiding).
  1210 | D:1      | 1210 ||| Stepping ~*~*~tactically~*~*~ (hiding).
  1312 | D:1      | 1312 ||| Stepping ~*~*~tactically~*~*~ (hiding).
  1414 | D:1      | 1414 ||| Stepping ~*~*~tactically~*~*~ (hiding).
  1516 | D:1      | 1516 ||| Stepping ~*~*~tactically~*~*~ (hiding).
  1618 | D:1      | 1618 ||| Stepping ~*~*~tactically~*~*~ (hiding).
  1622 | D:1      | 1622 ||| CASTING Summon Small Mammal
  1623 | D:1      | 1623 ||| CASTING Summon Small Mammal
  1624 | D:1      | 1624 ||| CASTING Summon Small Mammal
  1626 | D:1      | Reached skill level 1 in Fighting
  1729 | D:1      | 1729 ||| CASTING Summon Small Mammal
  1730 | D:1      | 1730 ||| CASTING Summon Small Mammal
  1731 | D:1      | 1731 ||| CASTING Summon Small Mammal
  1784 | D:1      | 1784 ||| CASTING Summon Small Mammal
  1786 | D:1      | 1786 ||| CASTING Summon Small Mammal
  1787 | D:1      | 1787 ||| CASTING Summon Small Mammal
  1844 | D:1      | 1844 ||| CASTING Summon Small Mammal
  1845 | D:1      | 1845 ||| CASTING Summon Small Mammal
  1846 | D:1      | 1846 ||| CASTING Summon Small Mammal
  1856 | D:1      | 1856 ||| CASTING Summon Small Mammal
  1958 | D:1      | 1958 ||| CASTING Summon Small Mammal
  1959 | D:1      | 1959 ||| CASTING Summon Small Mammal
  1960 | D:1      | 1960 ||| CASTING Summon Small Mammal
  2072 | D:1      | 2072 ||| CASTING Summon Small Mammal
  2073 | D:1      | 2073 ||| CASTING Summon Small Mammal
  2074 | D:1      | 2074 ||| CASTING Summon Small Mammal
  2085 | D:1      | 2085 ||| CASTING Summon Small Mammal
  2204 | D:1      | 2204 ||| CASTING Summon Small Mammal
  2205 | D:1      | 2205 ||| CASTING Summon Small Mammal
  2206 | D:1      | 2206 ||| CASTING Summon Small Mammal
  2217 | D:1      | 2217 ||| CASTING Summon Small Mammal
  2307 | D:1      | 2307 ||| CASTING Summon Small Mammal
  2308 | D:1      | 2308 ||| CASTING Summon Small Mammal
  2309 | D:1      | 2309 ||| CASTING Summon Small Mammal
  2422 | D:1      | 2422 ||| CASTING Summon Small Mammal
  2423 | D:1      | 2423 ||| CASTING Summon Small Mammal
  2424 | D:1      | 2424 ||| CASTING Summon Small Mammal
  2565 | D:1      | 2565 ||| CASTING Summon Small Mammal
  2566 | D:1      | 2566 ||| CASTING Summon Small Mammal
  2567 | D:1      | 2567 ||| CASTING Summon Small Mammal
  2634 | D:1      | 2634 ||| CASTING Summon Small Mammal
  2635 | D:1      | 2635 ||| CASTING Summon Small Mammal
  2636 | D:1      | 2636 ||| CASTING Summon Small Mammal
  2692 | D:1      | 2692 ||| CASTING Summon Small Mammal
  2693 | D:1      | 2693 ||| CASTING Summon Small Mammal
  2694 | D:1      | 2694 ||| CASTING Summon Small Mammal
  2702 | D:1      | Reached XP level 3. HP: 28/28 MP: 0/4
  3011 | D:1      | 3011 ||| UPGRADING to +0 ring mail.
  3021 | D:1      | 3021 ||| DROPPING +0 robe.
  3022 | D:1      | 3022 ||| DROPPING ring of magical power.
  3023 | D:1      | 3023 ||| READING scroll labelled VIUZIO GUGU ABOIC.
  3024 | D:1      | 3024 ||| READING scroll labelled XAKUKI RUTONAKIAL.
  3027 | D:1      | 3027 ||| DROPPING potion of magic.
  3090 | D:2      | 3090 ||| CASTING Summon Small Mammal
  3091 | D:2      | 3091 ||| CASTING Summon Small Mammal
  3092 | D:2      | 3092 ||| CASTING Summon Small Mammal
  3093 | D:2      | 3093 ||| CASTING Summon Small Mammal
  3147 | D:2      | 3147 ||| SWAPPING to +0 rapier.
  3148 | D:2      | 3148 ||| DROPPING +0 whip.
  3156 | D:2      | 3156 ||| CASTING Summon Small Mammal
  3157 | D:2      | 3157 ||| CASTING Summon Small Mammal
  3158 | D:2      | 3158 ||| CASTING Summon Small Mammal
  3159 | D:2      | 3159 ||| CASTING Summon Small Mammal
  3167 | D:2      | 3167 ||| CASTING Summon Small Mammal
  3214 | D:2      | 3214 ||| CASTING Summon Small Mammal
  3215 | D:2      | 3215 ||| CASTING Summon Small Mammal
  3216 | D:2      | 3216 ||| CASTING Summon Small Mammal
  3217 | D:2      | 3217 ||| CASTING Summon Small Mammal
  3225 | D:2      | 3225 ||| CASTING Summon Small Mammal
  3270 | D:2      | 3270 ||| CASTING Summon Small Mammal
  3271 | D:2      | 3271 ||| CASTING Summon Small Mammal
  3272 | D:2      | 3272 ||| CASTING Summon Small Mammal
  3273 | D:2      | 3273 ||| CASTING Summon Small Mammal
  3281 | D:2      | 3281 ||| CASTING Summon Small Mammal
  3371 | D:2      | 3371 ||| CASTING Summon Small Mammal
  3372 | D:2      | 3372 ||| CASTING Summon Small Mammal
  3373 | D:2      | 3373 ||| CASTING Summon Small Mammal
  3374 | D:2      | 3374 ||| CASTING Summon Small Mammal
  3417 | D:2      | Found Utixze's Armour Emporium.
  3424 | D:2      | 3424 ||| SHOPLISTING +0 pair of boots (58 gold, have 47).
  3424 | D:2      | 3424 ||| SHOPLISTING +0 plate armour (299 gold, have 47).
  3424 | D:2      | 3424 ||| SHOPLISTING +0 scale mail (52 gold, have 47).
  3424 | D:2      | 3424 ||| SHOPLISTING +2 plate armour of the Furrier {+Blink
                  | Regen+} (611 gold, have 47).
  3424 | D:2      | 3424 ||| SHOPLISTING +3 plate armour of cold resistance
                  | (585 gold, have 47).
  3424 | D:2      | 3424 ||| CASTING Summon Small Mammal
  3425 | D:2      | 3425 ||| CASTING Summon Small Mammal
  3426 | D:2      | 3426 ||| CASTING Summon Small Mammal
  3427 | D:2      | 3427 ||| CASTING Summon Small Mammal
  3434 | D:2      | 3434 ||| CASTING Summon Small Mammal
  3494 | D:2      | Noticed Sigmund
  3495 | D:2      | 3495 ||| CASTING Summon Small Mammal
  3501 | D:2      | 3501 ||| CASTING Summon Small Mammal
  3502 | D:2      | 3502 ||| CASTING Summon Small Mammal
  3503 | D:2      | 3503 ||| CASTING Summon Small Mammal
  3505 | D:2      | 3505 ||| CASTING Summon Small Mammal
  3507 | D:2      | HP: 2/29 [something (7)]
  3509 | D:2      | Mangled by Sigmund

Levels and vault maps discovered:
D:1:      zelgadis_glass_arrival_small, layout_loops_corners,
          shapermc_ecumenical_altar_gd
D:2:      layout_basic, serial_shops, nicolae_diamond_shop,
          uniq_crazy_yiuf_cottage, uniq_sigmund

Skill      XL: |  1  2 |
---------------+-------+-----
Axes           | 1 2 |  2.0
Fighting       | 1 |  1.8
Dodging        | |  1.7
Stealth        | |  2.1
Spellcasting   | |  1.7
Summonings     | |  3.6

Action                   || total
-------------------------++-------
Melee: Unarmed           ||     6
       Whip              ||    45
       Punch             ||     2
       Rapier            ||    20
 Cast: Summon Small Mamm ||    76
  Use: Scroll            ||     2
Armor: Robe              ||     3
       Ring mail         ||    16
Dodge: Dodged            ||    40

Table legend:
 A = Non-vault XP
 B = Vault XP
 C = Vault XP percentage of total XP
 D = Non-vault monster count
 E = Vault monster count
 F = Vault count percentage of total count
                 A         B        C        D         E       F
            +---------+---------+-------+---------+---------+-------
      Total |      52 |       0 |   0.0 |      28 |       0 |   0.0
            +---------+---------+-------+---------+---------+-------
        D:1 |      36 |       0 |   0.0 |      19 |       0 |   0.0
        D:2 |      16 |       0 |   0.0 |       9 |       0 |   0.0
            +---------+---------+-------+---------+---------+-------
